Map: Moonlight Madness LE (Void)

Players

DerGaukler

  • Race: Zerg Zerg

Esoterik - Winner!

  • Race: Terran Terran
  • League: Grandmaster

VOD

Have the link to the VOD?

Description

Time

  • Played on: Sept. 15, 2015, 2:15 p.m.
  • Length: 4:39
Show
View Real Time Build Order
Export as new Build Order

DerGaukler Zerg 

Build Orders: Pool First 

Get SALT Encoding   

  12  0:01  Drone  
  13  0:09  Drone  
  14  0:16  Overlord  
  14  0:36  Drone x3  
  17  0:44  Spawning Pool  
  17  0:49  Drone  
  17  0:54  Extractor  
  16  0:59  Drone  
  17  1:18  Hatchery  
  16  1:28  Overlord  
  16  1:35  Queen  
  18  1:49  Drone x2  
  18  1:51  Overlord  
  20  2:03  Metabolic Boost  
  20  2:21  Drone x2  
  22  2:30  Queen  
  22  2:32  Queen  
  22  2:36  Overlord  
  26  2:45  Drone  
  26  2:46  Drone  
  26  2:47  Drone  
  29  3:03  Overlord x2  
  29  3:13  Drone x5  
  34  3:29  Drone x2  
  34  3:30  Drone  
  34  3:31  Drone  
  38  3:38  Queen  
  38  3:39  Hatchery  
  39  3:44  Zergling x2  
  39  3:45  Zergling x6  
  43  3:58  Drone x2  
  45  4:09  Zergling x8  
Show
View Real Time Build Order
Export as new Build Order

Esoterik Terran - Winner!

Build Orders:  

Get SALT Encoding   

  12  0:01  SCV  
  13  0:13  SCV  
  14  0:21  Supply Depot  
  14  0:25  SCV  
  16  0:42  SCV  
  16  0:44  Barracks  
  16  0:55  SCV  
  17  1:07  SCV  
  18  1:19  Command Center  
  18  1:21  SCV  
  19  1:31  Marine  
  20  1:35  Orbital Command  
  20  1:47  Supply Depot  
  20  1:49  Marine  
  21  2:04  SCV  
  21  2:07  Marine  
  23  2:16  SCV  
  23  2:17  Barracks  
  24  2:25  Marine  
  24  2:28  Supply Depot, SCV  
  26  2:33  Orbital Command  
  26  2:40  SCV, Barracks  
  26  2:43  Marine  
  28  2:51  Supply Depot  
  28  2:52  SCV  
  29  3:00  SCV, Marine  
  29  3:04  SCV  
  32  3:12  Barracks  
  32  3:13  SCV  
  32  3:14  Supply Depot  
  32  3:16  SCV  
  32  3:17  Marine  
  32  3:18  Marine  
  36  3:25  SCV  
  36  3:26  Bunker  
  37  3:29  Marine  
  38  3:34  Marine  
  38  3:36  SCV, Marine  
  38  3:37  Supply Depot, SCV  
  42  3:47  Marine  
  43  3:49  SCV x2  
  43  3:52  Marine  
  43  3:54  Marine  
  43  3:55  Barracks x2  
  47  4:02  SCV x2  
  49  4:03  Marine  
  49  4:04  Marine  
  49  4:09  Supply Depot  
  51  4:10  Marine  
  51  4:12  Marine  
  51  4:14  SCV x2  
  55  4:20  Marine  
  56  4:26  SCV x2  
  58  4:37  Command Center  
Tags
 
Add a new tag
Caveats
  • Supply blocks, unpowered buildings, or Contaminate may cause inaccurate times.
  • Supply counts are checked every 10 seconds.